 Dungeon Crawl Stone Soup version 0.30.0-10-gfe55d96785 (webtiles) character file.

Game seed: 482436552914343024

92 qw the Chopper (level 4, -2/28 HPs)
             Began as a Gargoyle Cinder Acolyte on May 16, 2023.
             Was a High Priest of Ignis.
             Slain by Natasha (6 damage)
             ... on level 2 of the Dungeon.
             The game lasted 00:00:51 (1548 turns).

qw the Chopper (Gargoyle Cinder Acolyte)            Turns: 1548, Time: 00:00:52

Health: -2/28      AC: 13    Str: 20    XL:     4   Next: 60%
Magic:  5/5        EV: 11    Int: 14    God:    Ignis [*****.]
Gold:   87         SH:  0    Dex: 11    Spells: 5/5 levels left

rFire   + . .        Y - -1 hand axe (flame)
rCold   . . .        (no shield)
rNeg    + . .        d - +0 leather armour
rPois   inf          (no helmet)
rElec   +            (no cloak)
rCorr   .            (no gloves)
SInv    .            (no boots)
Will    .....        (no amulet)
Stlth   +            c - +6 ring of dexterity
HPRegen 0.24/turn    (no ring)
MPRegen 0.09/turn

%: no passive effects
@: about to teleport, fiery-armoured
A: sickness immunity, AC +3, negative energy resistance 1, electricity
resistance, torment resistance 1, petrification resistance
a: Renounce Religion, Fiery Armour, Foxfire Swarm, Rising Flame


You were on level 2 of the Dungeon.
You worshipped Ignis.
Ignis was extremely pleased with you.
You visited 1 branch of the dungeon, and saw 2 of its levels.

You collected 87 gold pieces.


Innate Abilities, Weirdness & Mutations

You are immune to sickness and miasma.
Your stone body is resilient. (AC +3)
You are immune to poison.
You resist negative energy. (rN+)
You are resistant to electric shocks. (rElec)
You are resistant to unholy torment.
You are immune to petrification.


   Skills:
 - Level 3.2 Fighting
 + Level 4.4 Axes
 - Level 1.2 Dodging
 - Level 1.0 Spellcasting
 - Level 3.0 Fire Magic


You had 5 spell levels left.
You didn't know any spells.
Your spell library contained the following spells:

 Spells                   Type           Power      Damage    Failure   Level
 Scorch                   Fire           18%        2d5       14%         2

Inventory:

Hand Weapons
 Y - a -1 hand axe of flaming (weapon)
Armour
 d - a +0 leather armour (worn)
Jewellery
 c - a +6 ring of dexterity (left hand)
Potions
 e - a potion of resistance {unknown}
 f - a potion of berserk rage {unknown}
 g - a potion of haste {unknown}
 h - a potion of mutation {unknown}

Dungeon Overview and Level Annotations

Branches:
Dungeon (2/15)

Altars:

Annotations:
D:2 Natasha


Message History

1534 ||| Stepping ~*~*~tactically~*~*~ (hiding).
You start waiting.
Natasha is nearby!
You closely miss Natasha. Natasha barely misses you.
You barely miss Natasha. Natasha casts a spell at you. The magic dart hits you.
You hit Natasha. You burn Natasha.
Natasha is moderately wounded.
Natasha closely misses you.
Natasha stares at you and mumbles some strange words.
The magic dart hits you!
You barely miss Natasha.
Natasha is moderately wounded.
Natasha claws you but does no damage.
You closely miss Natasha.
Natasha is moderately wounded.
Natasha claws you.
You hit Natasha but do no damage.
Natasha is moderately wounded.
Natasha claws you.
1544 ||| INVOKING Fiery Armour.
A protective cloak of flame settles atop you.
Natasha zaps a wand.
The puff of flame hits you. You resist.
You hit Natasha but do no damage.
Natasha is moderately wounded.
Natasha stares at you and mumbles some strange words.
The magic dart hits you.
1546 ||| READING scroll of teleportation.
As you read the scroll of teleportation, it crumbles to dust.
You feel strangely unstable.
Natasha zaps a wand.
The puff of flame hits you. You resist.
You closely miss Natasha.
Natasha is moderately wounded.
Natasha casts a spell.
You hit Natasha. You burn Natasha.
Natasha is moderately wounded.
Natasha claws you.
You die...

#.....#....## #.# #....# #..#
##..###....# #.# #.#### #..# #(.#
#.##.# #.# #.# #... #..# #.##.#
#.# #.# #)## #..###.##.# #.#
###.### #.# ##.........### #5#
#...>.# #.#
....###......###.####.#.#.####.#
##### ######.##..h..........##.##
#.##.@####.....#.##.## #.##..#
#.....#.##.##
########.##..####.....#.##.##
#####.....##.##................##
................#####....##.#####
.##..##..#......# #.#####.# #
....####........#####.#####.# #
#..## ##.#..................# #
#..# ##..).....######.####### #


You could see Natasha and a cerulean imp (summoned).

Vanquished Creatures
  Natasha (D:2)
  3 adders (D:2)
  2 dart slugs (D:1)
  4 bats (D:1)
  5 endoplasms
  2 giant cockroaches (D:1)
  5 goblins
  4 hobgoblins
  2 quokkas
  2 ball pythons
  A frilled lizard (D:1)
  2 rats (D:2)
33 creatures vanquished.

Notes
Turn   | Place    | Note
-------+----------+-------------------------------------------
     0 | D:1      | qw the Gargoyle Cinder Acolyte began the quest for the Orb.
     0 | D:1      | Reached XP level 1. HP: 14/14 MP: 2/2
     0 | D:1      | 0 ||| qw: Version: 0.2-a-94-g6f95ed7
     0 | D:1      | 0 ||| qw: Game counter: 39
     0 | D:1      | 0 ||| qw: Always use a shield: true
     0 | D:1      | 0 ||| qw: God list: Okawaru
     0 | D:1      | 0 ||| qw: Allow faded altars: false
     0 | D:1      | 0 ||| qw: Do Orc after D:15 true
     0 | D:1      | 0 ||| qw: Do second Lair branch before Depths: true
     0 | D:1      | 0 ||| qw: Lair rune preference: random
     0 | D:1      | 0 ||| qw: Plans: Normal
     0 | D:1      | 0 ||| PLANNING D:1-11
    39 | D:1      | Reached skill level 3 in Axes
    50 | D:1      | Reached XP level 2. HP: 18/19 MP: 3/3
   115 | D:1      | 115 ||| Stepping ~*~*~tactically~*~*~ (stealth).
   191 | D:1      | Found a faded altar of an unknown god.
   398 | D:1      | Reached XP level 3. HP: 19/23 MP: 4/4
   568 | D:1      | 568 ||| UPGRADING to +6 ring of dexterity.
   569 | D:1      | 569 ||| READING scroll labelled KEXKUPUTUP.
   574 | D:1      | 574 ||| READING scroll labelled VEURIO YFOSK.
   575 | D:1      | 575 ||| READING scroll labelled PAW DUFEXE.
   576 | D:1      | 576 ||| READING scroll labelled WEUPPE UNGAG.
   658 | D:2      | 658 ||| Stepping ~*~*~tactically~*~*~ (stealth).
   660 | D:2      | 660 ||| Stepping ~*~*~tactically~*~*~ (stealth).
   726 | D:2      | 726 ||| Stepping ~*~*~tactically~*~*~ (stealth).
   790 | D:2      | Reached skill level 4 in Axes
   842 | D:2      | 842 ||| Stepping ~*~*~tactically~*~*~ (stealth).
   857 | D:2      | Reached skill level 1 in Dodging
   857 | D:2      | Reached XP level 4. HP: 17/28 MP: 5/5
   970 | D:2      | 970 ||| Stepping ~*~*~tactically~*~*~ (stealth).
  1179 | D:2      | 1179 ||| Stepping ~*~*~tactically~*~*~ (stealth).
  1181 | D:2      | 1181 ||| Stepping ~*~*~tactically~*~*~ (stealth).
  1182 | D:2      | 1182 ||| Stepping ~*~*~tactically~*~*~ (stealth).
  1190 | D:2      | 1190 ||| Stepping ~*~*~tactically~*~*~ (stealth).
  1191 | D:2      | 1191 ||| Stepping ~*~*~tactically~*~*~ (stealth).
  1310 | D:2      | Noticed Natasha
  1318 | D:2      | 1318 ||| INVOKING Fiery Armour.
  1319 | D:2      | Killed Natasha
  1495 | D:2      | 1495 ||| UPGRADING to +0 leather armour.
  1505 | D:2      | 1505 ||| DROPPING +0 robe.
  1530 | D:2      | Noticed Natasha
  1531 | D:2      | 1531 ||| Stepping ~*~*~tactically~*~*~ (stealth).
  1533 | D:2      | 1533 ||| Stepping ~*~*~tactically~*~*~ (hiding).
  1534 | D:2      | 1534 ||| Stepping ~*~*~tactically~*~*~ (hiding).
  1544 | D:2      | 1544 ||| INVOKING Fiery Armour.
  1545 | D:2      | HP: 7/28 [Natasha/magic dart (4)]
  1546 | D:2      | 1546 ||| READING scroll of teleportation.
  1546 | D:2      | HP: 3/28 [Natasha/puff of flame (4)]
  1548 | D:2      | Slain by Natasha

Levels and vault maps discovered:
D:1:      amcnicky_arrival_flooded_fountain, layout_rooms,
          shapermc_ecumenical_altar_notcrosses
D:2:      layout_loops_ring, palyth_stone_intersect, serial_bayou_crossing,
          uniq_natasha

Skill      XL: |  1  2  3 |
---------------+----------+-----
Axes           | 3 4 |  4.4
Dodging        | 1 |  1.2
Fighting       | |  3.2
Spellcasting   | |  1.0
Fire Magic     | |  3.0

Action                     |  1- 3 |  4- 6 || total
---------------------------+-------+-------++-------
  Melee: Hand axe          |   102 |    43 ||   145
 Invoke: Fiery Armour      |       |     2 ||     2
    Use: Scroll            |     4 |     1 ||     5
 Armour: Robe              |    40 |     8 ||    48
         Leather armour    |       |     1 ||     1
  Dodge: Dodged            |    48 |    22 ||    70

Table legend:
 A = Non-vault XP
 B = Vault XP
 C = Vault XP percentage of total XP
 D = Non-vault monster count
 E = Vault monster count
 F = Vault count percentage of total count
                 A         B        C        D         E       F
            +---------+---------+-------+---------+---------+-------
      Total |      97 |      35 |  26.5 |      32 |       1 |   3.0
            +---------+---------+-------+---------+---------+-------
        D:1 |      34 |       0 |   0.0 |      17 |       0 |   0.0
        D:2 |      63 |      35 |  35.7 |      15 |       1 |   6.2
            +---------+---------+-------+---------+---------+-------
